 Dungeon Crawl Stone Soup version 0.26-a0-800-g517d6fe721 (webtiles) character file.

Game seed: 2907387594952620131

820 RaHiT the Covert (level 7, -3/46 HPs)
             Began as an Octopode Delver on Nov 11, 2020.
             Was an Initiate of Cheibriados.
             Slain by a gnoll
             ... wielding a +0 spear
              (9 damage)
             ... on level 5 of the Dungeon.
             The game lasted 00:15:49 (4565 turns).

RaHiT the Covert (Octopode Delver)                  Turns: 4565, Time: 00:15:55

Health: -3/46      AC:  1    Str: 12    XL:     7   Next: 95%
Magic:  7/7        EV: 14    Int: 16    God:    Cheibriados [......]
Gold:   274        SH:  0    Dex: 20    Spells: 6/6 levels left

rFire    . . .     SeeInvis .     - Unarmed
rCold    . . .     Faith    .   (no shield)
rNeg     . . .     Spirit   .   (helmet restricted)
rPois    .         Reflect  .   (no amulet)
rElec    .         Harm     .   n - +6 ring of dexterity
rCorr    .         Rampage  .   r - ring of stealth
MR       .....                  (no ring)
Stlth    +++++++...             (no ring)
HPRegen  0.15/turn              (no ring)
MPRegen  0.10/turn              (no ring)
                                (no ring)
                                (no ring)

@: very slow
A: almost no armour, stealthy swim, amphibious, 8 rings, constrict 8, camouflage
1, gelatinous body 1
a: Bend Time, Renounce Religion


You were on level 5 of the Dungeon.
You worshipped Cheibriados.
Cheibriados was noncommittal.
You visited 2 branches of the dungeon, and saw 6 of its levels.

You collected 274 gold pieces.

Inventory:

Missiles
 i - 9 poisoned darts (quivered)
Jewellery
 n - a +6 ring of dexterity (left tentacle)
 r - a ring of stealth (right tentacle)
Wands
 e - a wand of digging (3)
Scrolls
 a - 4 scrolls of fog
 b - a scroll of magic mapping
 c - 2 scrolls of fear
 h - a scroll of enchant weapon {unknown}
 l - a scroll of amnesia
 m - a scroll of blinking
 o - a scroll of enchant armour {unknown}
Potions
 d - a potion of cancellation {unknown}
 f - a potion of flight {unknown}
 g - a potion of heal wounds {unknown}
 j - a potion of curing {unknown}
 k - a potion of resistance {unknown}
 p - a potion of mutation {unknown}
 q - a potion of berserk rage {unknown}
 s - 3 potions of might {unknown}


   Skills:
 - Level 3.0 Fighting
 + Level 3.5 Throwing
 - Level 2.0 Dodging
 - Level 10.0 Stealth
 - Level 6.0 Unarmed Combat


You had 6 spell levels left.
You didn't know any spells.
Your spell library was empty.

Dungeon Overview and Level Annotations

Branches:
Dungeon (5/15)             Temple (1/1) D:4

Altars:
Ashenzari
Cheibriados
Dithmenos
Elyvilon
Gozag
Hepliaklqana
Makhleb
Nemelex Xobeh
Okawaru
Qazlal
Sif Muna
Uskayaw
Wu Jian
Xom
Yredelemnul
Zin
The Shining One

Annotations:
D:5 Edmund


Innate Abilities, Weirdness & Mutations

You cannot wear most types of armour.
You are very stealthy in the water. (Stealth+)
You are amphibious.
You can wear up to eight rings at the same time.
You can use your tentacles to constrict eight enemies at once.
Your skin changes colour to match your surroundings (Stealth+).
Your rubbery body absorbs attacks. (AC +1, EV +1)


Message History

Cheibriados appreciates the change of pace.
The gnoll throws a throwing net.
The throwing net misses you. The gnoll barely misses you.
The gnoll barely misses you. The gnoll hits you with a +0 spear.
The gnoll barely misses you.
Items here: ( ) [ †.
You barely miss the gnoll. Your grab misses the gnoll.
Your squeeze misses the gnoll. The gnoll barely misses you.
The gnoll closely misses you. The gnoll barely misses you.
You tentacle-slap the gnoll. You grab the gnoll.
The gnoll is lightly wounded.
You constrict the gnoll. The gnoll barely misses you.
The gnoll hits you with a +0 spear!
You tentacle-slap the gnoll.
The gnoll is moderately wounded.
You constrict the gnoll. The gnoll completely misses you.
The gnoll hits you from afar with a +0 spear! x2
* * * LOW HITPOINT WARNING * * *
The gnoll hits you with a +0 spear!
You die...

#.# #.# ######
#.##########.#####. .....#
#..................# .....#
#....#..#.#..####### ####.#
#.##.#..#.#..# ..##<####
#.##......#..#
#...(...####.####..###..#
####.##.......###g......#
.....##.####...(@gg....##
.....#...####.####g.(###
######.....##.# #...#
#...#.##.# #)..#######
##.##.##.# #.........#
#.......####.g)#####.#
###..(..........(......#
#...............g......#
..###.#.................g.g.


You could see 4 gnolls.

Vanquished Creatures
  2 ogres (D:4)
  A centaur (D:5)
  A scorpion (D:4)
  A jelly (D:5)
  2 orc priests (D:4)
  A gnoll shaman (D:5)
  A hound (D:5)
  An iguana (D:4)
  2 orc wizards (D:4)
  2 worker ants
  A hound skeleton (D:5)
  3 gnolls (D:4)
  8 adders
  3 oozes
  An adder zombie (D:2)
  4 worms
  5 dart slugs
  3 leopard geckos
  8 orcs
  3 ball pythons
  A bat skeleton (D:2)
  2 bat zombies (D:2)
  A giant cockroach (D:3)
  7 goblins
  5 hobgoblins
  5 jackals
  6 kobolds
  6 quokkas
  7 bats
  5 frilled lizards
  A jackal skeleton (D:5)
  A leopard gecko zombie (D:2)
  6 rats
106 creatures vanquished.

Vanquished Creatures (others)
  6 withered plants (D:2)
6 creatures vanquished.

Grand Total: 112 creatures vanquished

Notes
Turn   | Place    | Note
-------+----------+-------------------------------------------
     0 | D:5      | RaHiT the Octopode Delver began the quest for the Orb.
     0 | D:5      | Reached XP level 1. HP: 16/16 MP: 1/1
     2 | D:5      | Found an opulent altar of Gozag.
   165 | D:4      | Noticed an ogre
   252 | D:4      | Noticed an iguana
   394 | D:3      | Reached skill level 7 in Stealth
   503 | D:3      | Reached XP level 2. HP: 21/21 MP: 2/2
   712 | D:1      | Reached XP level 3. HP: 26/26 MP: 3/3
  1158 | D:2      | Reached XP level 4. HP: 31/31 MP: 4/4
  1886 | D:2      | Reached XP level 5. HP: 35/36 MP: 5/5
  2161 | D:3      | Reached skill level 5 in Unarmed Combat
  2541 | D:4      | Reached XP level 6. HP: 25/42 MP: 6/6
  3164 | D:4      | Reached skill level 8 in Stealth
  3371 | D:4      | Found a staircase to the Ecumenical Temple.
  3379 | Temple   | Entered the Ecumenical Temple
  3567 | Temple   | Became a worshipper of Cheibriados the Contemplative
  3829 | D:4      | Reached skill level 9 in Stealth
  3829 | D:4      | Reached XP level 7. HP: 38/46 MP: 7/7
  3877 | D:4      | Found a stormy altar of Qazlal.
  4184 | D:5      | Reached skill level 10 in Stealth
  4221 | D:5      | Reached skill level 1 in Throwing
  4273 | D:5      | Noticed Edmund
  4565 | D:5      | Slain by a gnoll

Illustrated notes

Levels and vault maps discovered:
D:1:      dpeg_arrival_arbitrary_c, layout_rooms
D:2:      layout_basic, serial_undead, serial_undead_d, serial_undead_e,
          serial_undead_b, serial_undead_b, st_stairs_4
D:3:      layout_rooms, minivault_26
D:4:      layout_loops_ring, kennysheep_mini_moat,
          minmay_temple_entry_nine_rooms
D:5:      layout_loops_cross, nicolae_gozag_cash_rules_everything_around_me,
          uniq_edmund
Temple:   eino_temple_rhombus

Skill      XL: |  1  2  3  4  5  6  7 |
---------------+----------------------+-----
Stealth        | 7 9 10 | 10.0
Unarmed Combat | 3 4 5 6 |  6.0
Throwing       | 3 |  3.5
Fighting       | |  3.0
Dodging        | |  2.0

Action                   |  1- 3 |  4- 6 |  7- 9 || total
-------------------------+-------+-------+-------++-------
Melee: Unarmed           |    69 |   125 |    49 ||   243
       Constrict         |    21 |    40 |    12 ||    73
       Tentacles         |    15 |    35 |    12 ||    62
       Punch             |       |     3 |     1 ||     4
Throw: Dart              |       |    30 |    39 ||    69
  Use: Scroll            |       |       |     3 ||     3
 Stab: Sleeping          |    19 |     6 |     2 ||    27
Armor: Skin              |     2 |     5 |     1 ||     8
Dodge: Dodged            |    27 |    81 |    29 ||   137

Table legend: (Time is in decaauts)
 A = Elapsed time spent in this place.
 B = Non-inter-level travel time spent in this place.
 C = Inter-level travel time spent in this place.
 D = Time resting spent in this place.
 E = Time spent auto-exploring this place.
 F = Levels seen in this place.
 G = Mean time per level.
                   A        B        C        D        E       F      G
               +--------+--------+--------+--------+--------+-----+--------+
         Total |   4714 |   4574 |    140 |    540 |   2357 |   6 |  785.7 |
       Dungeon |   4513 |   4410 |    103 |    540 |   2195 |   5 |  902.6 |
        Temple |    201 |    165 |     36 |      0 |    162 |   1 |  201.0 |
               +--------+--------+--------+--------+--------+-----+--------+

Top non-repeatable levels by time:
     D:4: 1770 daAuts
     D:2: 1062 daAuts
     D:3: 658 daAuts
     D:5: 547 daAuts
     D:1: 474 daAuts
  Temple: 201 daAuts
